 Dungeon Crawl Stone Soup version 0.21-a0-361-g4efd3f9 (webtiles) character file.

14993 theanonym the Geomancer (level 12, -4/75 HPs)
             Began as a Gargoyle Earth Elementalist on Oct 13, 2017.
             Was a Priest of Vehumet.
             Slain by a komodo dragon (21 damage)
             ... on level 2 of the Lair of Beasts.
             The game lasted 01:29:28 (18713 turns).

theanonym the Geomancer (GrEE)                     Turns: 18713, Time: 01:29:29

Health: -4/75      AC: 20    Str: 16    XL:     12   Next: 22%
Magic:  13/26      EV: 11    Int: 23    God:    Vehumet [***...]
Gold:   689        SH:  0    Dex: 10    Spells: 13/32 levels left

rFire    + . .     SeeInvis .   X - staff of wizardry {wiz+, !a}
rCold    . . .     Gourm    .   (no shield)
rNeg     + . .     Faith    .   y - +1 ring mail {rF+}
rPois    ∞         Spirit   .   (no helmet)
rElec    +         Reflect  .   p - +0 cloak
rCorr    .         Harm     .   U - +2 pair of gloves {Str+3}
MR       .....                  (no boots)
Stlth    ++........             N - amulet of regeneration {+regen, !d}
HPRegen  0.62/turn              h - ring of stealth {Stlth+}
MPRegen  0.20/turn              T - +3 ring of intelligence

@: no status effects
A: negative energy resistance 1, electricity resistance, unbreathing,
petrification resistance, rot immunity, AC +8
a: Renounce Religion


You were on level 2 of the Lair of Beasts.
You worshipped Vehumet.
Vehumet was most pleased with you.
You were not hungry.

You visited 3 branches of the dungeon, and saw 12 of its levels.
You also visited: Labyrinth.

You collected 689 gold pieces.

Inventory:

Missiles
 r - 8 curare-tipped needles
Armour
 p - a +0 cloak (worn)
   (You took it off Crazy Yiuf on level 2 of the Dungeon)
 x - the +2 robe "Eryb" {rC- rN++ Int+4}
   (You found it on level 4 of the Dungeon)

   It affects your intelligence (+4).
   It makes you vulnerable to cold.
   It greatly protects you from negative energy.
 y - a +1 ring mail of fire resistance (worn)
   (You took it off Edmund on level 4 of the Dungeon)
 U - a +2 pair of gloves of strength (worn)
   (You found it on level 1 of the Lair of Beasts)
Magical Staves
 X - an uncursed staff of wizardry (weapon) {wiz+, !a}
   (You found it in a labyrinth)
Jewellery
 b - an uncursed amulet of guardian spirit {Spirit}
   (You found it on level 2 of the Dungeon)
 h - a ring of stealth (left hand) {Stlth+}
   (You found it on level 1 of the Dungeon)
 C - an uncursed ring of positive energy {rN+}
   (You took it off an orc on level 5 of the Dungeon)
 K - a cursed amulet of inaccuracy {unknown}
   (You found it in a labyrinth)
 N - an amulet of regeneration (around neck) {+regen, !d}
   (You found it on level 7 of the Dungeon)
 T - a +3 ring of intelligence (right hand)
   (You found it in a labyrinth)
Wands
 i - a wand of paralysis (16/24)
   (You found it on level 1 of the Lair of Beasts)
 t - a wand of polymorph (22/24)
   (You took it off Ijyb on level 3 of the Dungeon)
 z - a wand of polymorph (1/24)
   (You took it off Natasha on level 4 of the Dungeon)
 F - a wand of acid (3/15)
   (You found it on level 6 of the Dungeon)
 H - a wand of iceblast (7/15)
   (You found it in a labyrinth)
 Q - a wand of flame (18/48)
   (You took it off a big kobold on level 9 of the Dungeon)
 S - a wand of enslavement (17/24)
   (You found it on level 1 of the Lair of Beasts)
 W - a wand of flame (23/48)
   (You found it on level 1 of the Lair of Beasts)
 Z - a wand of iceblast (5/15)
   (You found it in a labyrinth)
Scrolls
 a - 8 scrolls of remove curse {unknown}
 c - 3 scrolls of magic mapping {!r}
 f - 2 scrolls of enchant weapon {unknown}
 g - a scroll of fear {unknown}
 m - 7 scrolls of teleportation
 n - 4 scrolls of amnesia
 A - 2 scrolls of immolation {unknown}
 E - a scroll of recharging {unknown}
 J - a scroll of vulnerability {unknown}
 M - 2 scrolls of enchant armour {unknown}
 O - a scroll of blinking {!r}
Potions
 d - 4 potions of flight
 j - a potion of brilliance {unknown}
 l - 3 potions of haste
 o - 2 potions of degeneration {unknown}
 q - a potion of berserk rage {unknown}
 s - 2 potions of curing
 w - 4 potions of heal wounds
 D - a potion of magic
 G - 4 potions of ambrosia {unknown}
 L - a potion of agility
 P - 3 potions of mutation {unknown}
 R - a potion of cancellation {unknown}
Books
 e - a book of Geomancy
 B - a book of Misfortune
   (You found it on level 5 of the Dungeon)
 I - a book of Enchantments
   (You found it in a labyrinth)
 Y - a book of Party Tricks
   (You found it in a labyrinth)
Miscellaneous
 V - a crystal ball of energy
   (You found it in a labyrinth)
Comestibles
 k - a bread ration {@e1}
 u - 33 fruits
 v - 2 royal jellies


   Skills:
 + Level 8.5 Fighting
 - Level 5.0 Armour
 - Level 1.5 Dodging
 - Level 2.1 Stealth
 + Level 10.8 Spellcasting
 - Level 10.1 Conjurations
 - Level 0.7 Transmutations
 + Level 11.1 Earth Magic


You had 13 spell levels left.
You knew the following spells:

 Your Spells              Type           Power        Failure   Level  Hunger
a - Sandblast             Erth           ######       1%          1    None
b - Sting                 Conj/Pois      ####         1%          1    None
c - Petrify               Tmut/Erth      #####...     3%          4    None
d - Throw Frost           Conj/Ice       #####.       1%          2    None
w - Passwall              Tmut/Erth      #####.....   1%          2    None
x - Stone Arrow           Conj/Erth      ######       1%          3    None
z - Lee's Rapid Deconstr  Erth           ######....   1%          5    ####...
B - Summon Butterflies    Summ           ##......     4%          1    None


Dungeon Overview and Level Annotations

Branches:
Dungeon (9/15)             Temple (1/1) D:7            Lair (2/6) D:8
    Orc (0/2) D:9
  Swamp: Lair:2-4    Shoals: Lair:2-4     Snake: Lair:2-4    Spider: Lair:2-4

Altars:
Ashenzari
Cheibriados
Dithmenos
Elyvilon
Gozag
Kikubaaqudgha
Makhleb
Nemelex Xobeh
Okawaru
Ru
Trog
Uskayaw
Vehumet
Xom
Yredelemnul
Zin

Shops:
D:6 }:

Annotations:
D:3 exclusions: downstairs and player ghost, theanonym's ghost, amateur GrEE
D:8 Gastronok


Innate Abilities, Weirdness & Mutations

You are resistant to torment.
Your stone body is resilient. (AC +8)
You are immune to poison.
You resist negative energy. (rN+)
You are resistant to electric shocks. (rElec)
You can survive without breathing.
You are immune to petrification.
You are immune to rotting.


Message History

You start resting.
You are feeling hungry.
You regained 10 mp, and now have 20/26 mp.
You start resting.
MP restored: 26 You eat one of the 2 bread rations {@e1}.
That bread ration really hit the spot!
Done exploring.
There is a stone staircase leading down here.
Unknown command.
You climb downwards.
There is a stone staircase leading up here.
Unknown command.
You now have 689 gold pieces (gained 12).
Found a stone staircase leading up.
A hippogriff comes into view.
You can't see any susceptible monsters within range! (Use Z to cast anyway.)
You can't see any susceptible monsters within range! (Use Z to cast anyway.)
Aim: a hippogriff (resting)
The puff of frost hits the hippogriff.
You now have 24/26 mp.
You can't see any susceptible monsters within range! (Use Z to cast anyway.) Unknown command.
Aim: a hippogriff (lightly wounded)
The puff of frost hits the hippogriff.
You now have 22/26 mp.
Aim: a hippogriff (moderately wounded)
The stone arrow hits the hippogriff.
You now have 19/26 mp.
Aim: a hippogriff (severely wounded)
The stone arrow hits the hippogriff.
You kill the hippogriff!
Vehumet accepts your kill.
You feel your power returning.
You now have 17/26 mp.
You start resting.
MP restored: 26 Unknown command.
r - 8 curare-tipped needles
Found a stone staircase leading down.
A black mamba comes into view.
Aim: a black mamba (resting)
The stone arrow hits the black mamba.
The black mamba hisses angrily.
You now have 23/26 mp.
Aim: a black mamba (heavily wounded)
The stone arrow hits the black mamba.
You now have 20/26 mp.
Aim: a black mamba (almost dead)
The stone arrow misses the black mamba.
The black mamba closely misses you. The black mamba barely misses you.
You now have 17/26 mp.
Aim: a black mamba (almost dead)
The stone arrow hits the black mamba.
You kill the black mamba!
Vehumet accepts your kill.
You feel your power returning.
You now have 15/26 mp.
You start resting.
MP restored: 26 A komodo dragon comes into view.
You can't see any susceptible monsters within range! (Use Z to cast anyway.)
A rime drake comes into view.
You can't see any susceptible monsters within range! (Use Z to cast anyway.)
Aim: a komodo dragon (resting)
The puff of frost hits the komodo dragon.
You hear an angry hiss.
You now have 24/26 mp.
The rime drake breathes ice at you. The flash freeze hits you!
You are encased in ice.
You take 13 damage, and have 62/75 hp.
Aim: a komodo dragon (lightly wounded)
The stone arrow hits the komodo dragon.
You now have 22/26 mp.
Aim: a komodo dragon (moderately wounded)
The stone arrow misses the komodo dragon.
You now have 20/26 mp.
Aim: a komodo dragon (moderately wounded)
The stone arrow hits the komodo dragon.
You now have 17/26 mp.
Aim: a komodo dragon (severely wounded)
The stone arrow misses the komodo dragon.
The ice encasing you melts away. The komodo dragon bites you!
The rime drake breathes ice at you. The flash freeze hits you!
You are encased in ice.
You take 25 damage, and have 39/75 hp.
MASSIVE DAMAGE!!
You now have 14/26 mp.
Which direction?
The komodo dragon barely misses you.
You begin to meditate on the wall.
You continue meditating on the rock.
The komodo dragon bites you.
You continue meditating on the rock.
The ice encasing you melts away. The komodo dragon bites you!!
* * * LOW HITPOINT WARNING * * *
You continue meditating on the rock.
The komodo dragon bites you!!
You die...

......................
......................
......................
........P..P#.######..
........##.#### .
........##.##
........##..##
........##..P#
..........@.##
........##l## #P#
#....>...#.k.####P..#
#....................
#....................
#....................
#....................
#....................
#......?.............


You could see a komodo dragon and a rime drake.

Vanquished Creatures
  A minotaur (Lab)
  Erica (D:8)
  The ghost of nikopol the Cleaver, a novice HOFi of Okawaru (D:6)
  An elephant (D:8)
  Psyche (D:9)
  A black mamba (Lair:2)
  Maurice (D:9)
  3 spiny frogs (Lair:1)
  4 komodo dragons
  A troll (D:9)
  7 hippogriffs
  7 yaks
  A wyvern (D:9)
  A vampire (D:9)
  A hungry ghost (D:9)
  Grum (D:9)
  Edmund (D:4)
  3 porcupines (Lair:1)
  6 orc warriors (D:9)
  A sky beast (D:9)
  A hornet zombie (D:8)
  3 ice beasts
  5 necrophages
  2 phantoms
  4 wolves
  6 ogres
  4 centaurs
  3 crocodiles
  5 bullfrogs
  6 big kobolds
  3 gnoll sergeants (D:9)
  2 scorpions
  4 killer bees (D:9)
  9 wights
  3 howler monkeys (D:8)
  3 crimson imps
  4 jellies
  Crazy Yiuf (D:2)
  A quasit (D:5)
  5 hounds
  3 bullfrog zombies
  5 orc priests
  6 orc wizards
  A gnoll shaman (D:4)
  3 iguanas
  2 bullfrog skeletons
  Ijyb (D:3)
  7 worker ants
  Natasha (thrice) (D:4)
  2 killer bee zombies (D:8)
  A hound zombie (D:8)
  A hound skeleton (D:9)
  5 mummies (D:8)
  A worker ant zombie (D:8)
  11 adders
  18 gnolls
  A shadow imp (D:9)
  3 oozes
  An adder skeleton (D:5)
  4 worms
  4 dart slugs
  3 leopard geckos
  36 orcs
  11 bats
  3 giant cockroaches
  5 goblins
  10 hobgoblins
  6 jackals
  6 quokkas
  3 ball pythons
  7 frilled lizards
  A jackal skeleton (D:4)
  10 kobolds
  A quokka zombie (D:9)
  6 rats
309 creatures vanquished.

Vanquished Creatures (others)
  A plant (Lair:1)
1 creature vanquished.

Grand Total: 310 creatures vanquished

Notes
Turn   | Place    | Note
-------+----------+-------------------------------------------
     0 | D:1      | theanonym the Gargoyle Earth Elementalist began the quest for the Orb.
     0 | D:1      | Reached XP level 1. HP: 10/10 MP: 3/3
    24 | D:1      | Reached skill level 4 in Earth Magic
    38 | D:1      | Reached XP level 2. HP: 10/15 MP: 0/5
   412 | D:1      | Reached XP level 3. HP: 13/19 MP: 0/6
   571 | D:1      | Learned a level 2 spell: Passwall
  1033 | D:2      | Found a runed door.
  1098 | D:2      | Reached skill level 3 in Spellcasting
  1098 | D:2      | Reached skill level 5 in Earth Magic
  1098 | D:2      | Reached XP level 4. HP: 18/24 MP: 6/8
  2219 | D:2      | Reached XP level 5. HP: 26/28 MP: 5/10
  2613 | D:3      | Learned a level 3 spell: Stone Arrow
  2724 | D:3      | Found an opulent altar of Gozag.
  2887 | D:3      | Found an iron altar of Okawaru.
  2887 | D:3      | Found a shimmering altar of Xom.
  2926 | D:3      | Noticed theanonym's ghost (amateur GrEE)
  2952 | D:3      | Noticed Ijyb
  2958 | D:3      | Killed Ijyb
  3068 | D:3      | Reached skill level 4 in Spellcasting
  3218 | D:3      | Noticed a sky beast
  3279 | D:3      | You fall through a shaft!
  3307 | D:4      | Reached skill level 6 in Earth Magic
  3307 | D:4      | Reached XP level 6. HP: 33/33 MP: 6/12
  3523 | D:3      | Found an opulent altar of Gozag.
  3606 | D:4      | Noticed Natasha
  3619 | D:4      | Killed Natasha
  3769 | D:4      | Found a bloodstained altar of Trog.
  3781 | D:4      | Found a glowing silver altar of Zin.
  3795 | D:4      | Noticed Edmund
  3795 | D:4      | Noticed Natasha
  4151 | D:4      | HP: 8/33 [Edmund/flail of crushing (5)]
  4161 | D:4      | Killed Edmund
  4161 | D:4      | Reached skill level 5 in Spellcasting
  4161 | D:4      | Reached XP level 7. HP: 9/37 MP: 0/14
  4405 | D:4      | Got a fine robe
  4416 | D:4      | Identified the +2 robe "Eryb" {rC- rN++ Int+4} (You found it on level 4 of the Dungeon)
  4845 | D:4      | Killed Natasha
  4983 | D:4      | Reached skill level 7 in Earth Magic
  5381 | D:4      | Noticed Natasha
  5386 | D:4      | Killed Natasha
  5386 | D:4      | Reached skill level 1 in Fighting
  5723 | D:5      | Entered Level 5 of the Dungeon
  5945 | D:4      | Reached skill level 6 in Spellcasting
  5982 | D:4      | Learned a level 4 spell: Petrify
  5988 | D:4      | Learned a level 5 spell: Lee's Rapid Deconstruction
  6010 | D:5      | Reached XP level 8. HP: 33/43 MP: 11/17
  6122 | D:5      | Reached skill level 8 in Earth Magic
  7293 | D:5      | Reached skill level 7 in Spellcasting
  7293 | D:5      | Reached skill level 9 in Earth Magic
  7632 | D:2      | Noticed Crazy Yiuf
  7635 | D:2      | Killed Crazy Yiuf
  7880 | D:6      | Noticed nikopol's ghost (novice HOFi)
  8191 | D:6      | Found Peekunuy's Gadget Shop.
  8209 | D:6      | Reached skill level 2 in Fighting
  8304 | D:6      | HP: 11/44 [nikopol's ghost (13)]
  8307 | D:6      | Killed nikopol's ghost
  8307 | D:6      | Reached skill level 8 in Spellcasting
  8307 | D:6      | Reached skill level 10 in Earth Magic
  8307 | D:6      | Reached XP level 9. HP: 13/48 MP: 8/21
  8844 | D:6      | Found Kuxeklyo's Book Shoppe.
  9011 | D:6      | Found a burning altar of Makhleb.
  9406 | D:7      | Found an ancient bone altar of Kikubaaqudgha.
  9410 | D:7      | Reached skill level 1 in Conjurations
  9507 | D:6      | HP: 7/49 [ice beast (18)]
  9652 | D:7      | Reached skill level 2 in Conjurations
  9701 | D:7      | Reached skill level 3 in Fighting
  9832 | D:7      | Found a sacrificial altar of Ru.
  9964 | D:7      | Found a staircase to the Ecumenical Temple.
  9973 | Temple   | Entered the Ecumenical Temple
 10043 | Temple   | Became a worshipper of Vehumet
 10182 | D:7      | Found a shattered altar of Ashenzari.
 10336 | D:7      | Found a snail-covered altar of Cheibriados.
 10889 | D:8      | Reached skill level 3 in Conjurations
 10988 | D:8      | Reached skill level 9 in Spellcasting
 11019 | D:8      | Noticed an elephant
 11206 | D:8      | Reached skill level 4 in Conjurations
 11218 | D:8      | Reached XP level 10. HP: 56/56 MP: 12/23
 11286 | D:8      | Reached skill level 4 in Fighting
 11400 | D:8      | Killed an elephant
 11682 | D:8      | Found a staircase to the Lair.
 11914 | D:8      | Reached * piety under Vehumet
 11914 | D:8      | Offered knowledge of Sting by Vehumet.
 12076 | D:8      | Learned a level 1 spell: Sting
 12168 | D:8      | Reached skill level 5 in Conjurations
 12392 | D:9      | Reached skill level 10 in Spellcasting
 12395 | D:9      | Noticed Erica
 12499 | D:9      | Reached skill level 1 in Armour
 12592 | D:9      | Reached skill level 5 in Fighting
 12653 | D:9      | Noticed Maurice
 12686 | D:9      | Reached skill level 2 in Armour
 12690 | D:9      | Noticed Grum
 12690 | D:9      | Noticed Psyche
 12719 | D:9      | Killed Psyche
 13236 | D:9      | Reached skill level 3 in Armour
 13302 | D:9      | Reached skill level 6 in Conjurations
 13492 | D:9      | Found a shadowy altar of Dithmenos.
 13503 | D:9      | Reached skill level 6 in Fighting
 13641 | D:8      | Killed Erica
 13641 | D:8      | Reached ** piety under Vehumet
 13641 | D:8      | Reached skill level 4 in Armour
 13641 | D:8      | Reached skill level 7 in Conjurations
 13641 | D:8      | Reached XP level 11. HP: 42/66 MP: 8/25
 13751 | D:9      | Offered knowledge of Throw Frost by Vehumet.
 13793 | D:9      | Learned a level 2 spell: Throw Frost
 14009 | D:9      | Found a staircase to the Orcish Mines.
 14390 | D:9      | Reached skill level 8 in Conjurations
 14719 | D:9      | Offered knowledge of Static Discharge by Vehumet.
 14909 | D:9      | Reached skill level 5 in Armour
 15071 | D:9      | Killed Grum
 15071 | D:9      | Reached skill level 7 in Fighting
 15342 | D:9      | Reached *** piety under Vehumet
 15724 | D:9      | Killed Maurice
 16074 | Lair:1   | Entered Level 1 of the Lair of Beasts
 16074 | Lair:1   | Noticed Gastronok
 16109 | Lair:1   | Found a labyrinth entrance.
 16116 | Lab      | Entered a labyrinth
 16311 | Lab      | Noticed a minotaur
 16317 | Lab      | Killed a minotaur
 16317 | Lab      | Reached skill level 9 in Conjurations
 16320 | Lab      | Got a transparent plate armour
 16777 | Lair:1   | theanonym: !nick allofthem
 16777 | Lair:1   | beem: Mapping allofthem => wvc waterpls ngotmuk noir margery fiftynine emanloe uristpineapples ldf ololoev sar defe haldagan runewalsh ziggystardust malog whatislove crauler miyamura stonewall xeno23 casual uristmcmason hannibal hungryspirit oplop jacquesderrida baka namelastname112 magnus pekapeka rester5115 imraulkays totalnoob futacatgirl swagnemite ohyou hyperldf letchik blinkfrog illaniel yoba te...
 16779 | Lair:1   | Learned a level 1 spell: Summon Butterflies
 16933 | Lair:1   | Reached skill level 10 in Conjurations
 17216 | Lair:1   | Identified the +4 plate armour of New Discoveries {Str+6} (You found it in a labyrinth)
 17743 | D:8      | Reached XP level 12. HP: 68/73 MP: 21/26
 17837 | Lair:1   | Reached skill level 8 in Fighting
 18055 | Lair:1   | Reached skill level 11 in Earth Magic
 18235 | Lair:1   | Offered knowledge of Olgreb's Toxic Radiance by Vehumet.
 18712 | Lair:2   | HP: 17/75 [komodo dragon (23)]
 18713 | Lair:2   | Slain by a komodo dragon

Vault maps used:
D:1:      dpeg_arrival_windows_large_door, minivault_4
D:2:      uniq_crazy_yiuf_cottage
D:3:      overflow_temple_1_default, gammafunk_temple_overflow_statue,
          grunt_gozag_statues, uniq_ijyb
D:4:      lemuel_doored_altar, trog_book, uniq_natasha, uniq_edmund
D:5:      first_bread
D:6:      nicolae_overflow_hidden_temple, serial_shops, shop, nicolae_shop_stone
D:7:      lemuel_coloured_pillars_altar, kiku_gazebo_pond_becter,
          evilmike_ruin_ashenzari, minmay_temple_entry_statues_pillars,
          nicolae_ru_great_annihilating_truth
D:8:      david_lair_generic, serial_undead, serial_undead_d, serial_undead_a,
          serial_undead_f, serial_undead_a, serial_undead_b, serial_undead_c
D:9:      grunt_dithmenos_smoke, kennysheep_orc_monster_closet_entryway,
          blue_anna_alchemist, uniq_erica, uniq_maurice, uniq_psyche, uniq_grum
Temple:   nicolae_temple_figure_eight
Lair:1:   serial_forest, infiniplex_forest_clump_diagonal,
          infiniplex_forest_lined_room_3, infiniplex_forest_pool,
          infiniplex_forest_clump_double, infiniplex_forest_straight_5,
          infiniplex_forest_pool, lab_entry_generic, beast_lair_carwin_9,
          uniq_gastronok
Lair:2:   serial_bayou_ford_a, minmay_lair_oklob_chamber
Lab:      labyrinth_hidden_loot

Skill      XL: |  1  2  3  4  5  6  7  8  9 10 11 12 |
---------------+-------------------------------------+-----
Earth Magic    | 4 5 6 7 10 11 | 11.1
Spellcasting   | 3 4 5 6 8 9 10 | 10.8
Fighting       | 1 2 3 6 7 8 |  8.5
Conjurations   | 4 7 10 | 10.1
Armour         | 4 5 |  5.0
Dodging        | |  1.5
Stealth        | |  2.1
Transmutations | |  0.7

Action                   |  1- 3 |  4- 6 |  7- 9 | 10-12 || total
-------------------------+-------+-------+-------+-------++-------
Melee: Club              |    31 |    61 |       |       ||    92
       Flail             |       |    11 |    37 |       ||    48
       Quarterstaff      |       |       |     8 |    21 ||    29
       Staff             |       |       |       |    10 ||    10
Throw: Stone             |     3 |     2 |       |       ||     5
 Cast: Sandblast         |    47 |    90 |    94 |    42 ||   273
       Stone Arrow       |       |     7 |    89 |   261 ||   357
       Passwall          |       |     2 |     1 |     5 ||     8
       Petrify           |       |       |     9 |     7 ||    16
       Lee's Rapid Decon |       |       |     5 |       ||     5
       Sting             |       |       |       |    20 ||    20
       Throw Frost       |       |       |       |    32 ||    32
  Use: Scroll            |     2 |     5 |     6 |     4 ||    17
 Stab: Petrified         |       |       |    10 |     5 ||    15
       Paralysed         |       |       |       |     1 ||     1
  Eat: Chunk             |       |     4 |    10 |     5 ||    19
       Bread ration      |       |     2 |     2 |     3 ||     7
       Meat ration       |       |       |     1 |     1 ||     2
       Fruit             |       |       |       |     1 ||     1
Armor: Robe              |    18 |    54 |    42 |    36 ||   150
       Skin              |       |       |     1 |       ||     1
       Ring mail         |       |       |       |    14 ||    14
Dodge: Dodged            |    43 |   104 |    93 |    99 ||   339

Table legend:
 A = Spawn XP
 B = Non-spawn XP
 C = Spawn XP percentage of total XP
 D = Spawn monster count
 E = Non-spawn monster count
 F = Spawn count percentage of total count
 G = Total turns spent on level
                    A         B        C        D         E        F      G
               +---------+---------+-------+---------+---------+-------+---------
         Total |       0 |   21419 |   0.0 |       0 |     309 |   0.0 | 18713
               +---------+---------+-------+---------+---------+-------+---------
           D:1 |       0 |      53 |   0.0 |       0 |      27 |   0.0 |   853
           D:2 |       0 |     173 |   0.0 |       0 |      29 |   0.0 |  1859
           D:3 |       0 |     147 |   0.0 |       0 |      23 |   0.0 |  1065
           D:4 |       0 |     762 |   0.0 |       0 |      31 |   0.0 |  2587
           D:5 |       0 |     826 |   0.0 |       0 |      30 |   0.0 |  1558
           D:6 |       0 |    1109 |   0.0 |       0 |      12 |   0.0 |  1590
           D:7 |       0 |     822 |   0.0 |       0 |      18 |   0.0 |  1467
           D:8 |       0 |    4479 |   0.0 |       0 |      37 |   0.0 |  2465
           D:9 |       0 |    6189 |   0.0 |       0 |      77 |   0.0 |  2984
        Temple |       0 |      33 |   0.0 |       0 |       1 |   0.0 |   127
        Lair:1 |       0 |    5101 |   0.0 |       0 |      21 |   0.0 |  1719
        Lair:2 |       0 |     707 |   0.0 |       0 |       2 |   0.0 |   171
           Lab |       0 |    1018 |   0.0 |       0 |       1 |   0.0 |   268
               +---------+---------+-------+---------+---------+-------+---------

Vault maps used:
D:1:      dpeg_arrival_windows_large_door, minivault_4
D:2:      uniq_crazy_yiuf_cottage
D:3:      overflow_temple_1_default, gammafunk_temple_overflow_statue,
          grunt_gozag_statues, uniq_ijyb
D:4:      lemuel_doored_altar, trog_book, uniq_natasha, uniq_edmund
D:5:      first_bread
D:6:      nicolae_overflow_hidden_temple, serial_shops, shop, nicolae_shop_stone
D:7:      lemuel_coloured_pillars_altar, kiku_gazebo_pond_becter,
          evilmike_ruin_ashenzari, minmay_temple_entry_statues_pillars,
          nicolae_ru_great_annihilating_truth
D:8:      david_lair_generic, serial_undead, serial_undead_d, serial_undead_a,
          serial_undead_f, serial_undead_a, serial_undead_b, serial_undead_c
D:9:      grunt_dithmenos_smoke, kennysheep_orc_monster_closet_entryway,
          blue_anna_alchemist, uniq_erica, uniq_maurice, uniq_psyche, uniq_grum
Temple:   nicolae_temple_figure_eight
Lair:1:   serial_forest, infiniplex_forest_clump_diagonal,
          infiniplex_forest_lined_room_3, infiniplex_forest_pool,
          infiniplex_forest_clump_double, infiniplex_forest_straight_5,
          infiniplex_forest_pool, lab_entry_generic, beast_lair_carwin_9,
          uniq_gastronok
Lair:2:   serial_bayou_ford_a, minmay_lair_oklob_chamber
Lab:      labyrinth_hidden_loot

Table legend:
 A = Turns spent in this place as a percentage of turns spent in the entire game.
 B = Non-inter-level travel turns spent in this place as a percentage of non-inter-level travel turns spent in the entire game.
 C = Inter-level travel turns spent in this place as a percentage of turns spent in this place.
 D = Turns resting spent in this place as a percentage of non-inter-level travel turns spent in this place.
 E = Turns spent auto-exploring this place as a percentage of non-inter-level travel turns spent in this place.
 F = Non-inter-level travel turns spent in this place divided by the number of levels of this place that you've seen.
                   A       B       C       D       E      F
               +-------+-------+-------+-------+-------+----------------------
         Total | 100.0 | 100.0 |   5.0 |  47.5 |  35.1 | 1367.7
       Dungeon |  87.8 |  87.4 |   5.4 |  48.7 |  35.1 | 1726.6
        Temple |   0.7 |   0.6 |  15.0 |  30.6 |  61.1 | 108.0
          Lair |  10.1 |  10.5 |   1.3 |  42.7 |  38.0 | 932.5
     Labyrinth |   1.4 |   1.5 |   0.0 |  20.5 |   0.0 | 268.0
               +-------+-------+-------+-------+-------+----------------------

Table legend:
 A = Kills in this place as a percentage of kills in entire the game.
 B = Kills by you in this place as a percentage of kills by you in the entire game.
 C = Kills by friends in this place as a percentage of kills by friends in the entire game.
 D = Other kills in this place as a percentage of other kills in the entire game.
 E = Experience gained in this place as a percentage of experience gained in the entire game.
 F = Experience gained in this place divided by the number of levels of this place that you have seen.
                   A       B       C       D       E      F
               +-------+-------+-------+-------+-------+----------------------
         Total | 100.0 | 100.0 |   N/A |   N/A | 100.0 | 1647.6
       Dungeon |  91.9 |  91.9 |   N/A |   N/A |  68.0 | 1617.8
        Temple |   0.3 |   0.3 |   N/A |   N/A |   0.2 |  33.0
          Lair |   7.4 |   7.4 |   N/A |   N/A |  27.1 | 2904.0
     Labyrinth |   0.3 |   0.3 |   N/A |   N/A |   4.8 | 1018.0
               +-------+-------+-------+-------+-------+----------------------
